 Dungeon Crawl Stone Soup version 0.28.0 (webtiles) character file.

Game seed: 13675056470673744884

797 Eitelfritz the Slasher (level 7, -1/59 HPs)
             Began as a Minotaur Gladiator on Feb 11, 2022.
             Slain by a gnoll (7 damage)
             ... on level 5 of the Dungeon.
             The game lasted 00:08:46 (4474 turns).

Eitelfritz the Slasher (Minotaur Gladiator)         Turns: 4474, Time: 00:08:47

Health: -1/59      AC:  9    Str: 19    XL:     7   Next: 58%
Magic:  6/6        EV: 12    Int:  7    God:
Gold:   172        SH:  0    Dex: 11    Spells: 6/6 levels left

rFire   . . .      SeeInvis +   a - +1 long sword
rCold   . . .      Faith    .   (no shield)
rNeg    + . .      Spirit   .   m - +0 ring mail
rPois   .          Reflect  .   c - +0 hat
rElec   .          Harm     .   (no cloak)
rCorr   .          Rampage  .   q - +0 pair of gloves
Will    .....                   u - +1 pair of boots {Fly}
Stlth   +.........              (no amulet)
HPRegen 0.19/turn               i - ring of positive energy
MPRegen 0.10/turn               v - ring of see invisible

@: flying
A: horns 2, retaliatory headbutt
a: no special abilities


You were on level 5 of the Dungeon.
You visited 1 branch of the dungeon, and saw 5 of its levels.

You collected 172 gold pieces.

Inventory:

Hand Weapons
 a - a +1 long sword (weapon)
 b - a +0 fustibalus
Missiles
 d - 4 throwing nets (quivered)
 e - 3 datura-tipped darts
 h - 17 sling bullets
 n - 3 javelins
 x - 5 boomerangs
Armour
 c - a +0 hat (worn)
 m - a +0 ring mail (worn)
 q - a +0 pair of gloves (worn)
 u - a +1 pair of boots of flying (worn)
Jewellery
 i - a ring of positive energy (left hand)
 r - a ring of protection from cold
 v - a ring of see invisible (right hand)
Wands
 f - a wand of paralysis (8)
Scrolls
 w - 5 scrolls of teleportation {unknown}
Potions
 g - 2 potions of mutation
 k - a potion of attraction {unknown}
 l - a potion of invisibility
 o - 3 potions of might


   Skills:
 + Level 4.2 Fighting
 + Level 7.9 Long Blades
 + Level 2.3 Throwing
 + Level 4.5 Armour
 + Level 4.6 Dodging
 + Level 1.0 Stealth


You had 6 spell levels left.
You didn't know any spells.
Your spell library contained the following spells:

 Spells                   Type           Power      Damage    Failure   Level
 Slow                     Hex            0%         N/A       61%         1
 Corpse Rot               Necr/Air       0%         N/A       75%         2
 Ensorcelled Hibernation  Hex/Ice        0%         N/A       75%         2
 Passwall                 Tmut/Erth      0%         N/A       75%         2
 Poisonous Vapours        Pois/Air       0%         N/A       75%         2
 Confusing Touch          Hex            0%         N/A       93%         3
 Swiftness                Air            0%         N/A       93%         3
 Tukima's Dance           Hex            0%         N/A       93%         3
 Vampiric Draining        Necr           0%         2d6       93%         3
 Passage of Golubria      Tloc           0%         N/A       100%        4
 Yara's Violent Unravell  Hex/Tmut       0%         3d3       100%        5


Dungeon Overview and Level Annotations

Branches:
Dungeon (5/15)
 Temple: D:4-7

Altars:
Elyvilon
Okawaru

Shops:
D:1 :   D:2 =   D:4 (


Innate Abilities, Weirdness & Mutations

You have a pair of horns on your head.
You reflexively headbutt those who attack you in melee.


Message History

The gnoll sergeant is heavily wounded.
The gnoll sergeant hits you with a +7 trident!
You hit the gnoll sergeant. The gnoll sergeant blocks your attack.
The gnoll sergeant is almost dead.
The gnoll sergeant hits you with a +7 trident!
* * * LOW HITPOINT WARNING * * *
You closely miss the gnoll sergeant. You headbutt the gnoll sergeant.
The gnoll sergeant is almost dead.
The gnoll sergeant hits you with a +7 trident.
* * * LOW HITPOINT WARNING * * *
You feel much better.
The gnoll sergeant hits you with a +7 trident!
* * * LOW HITPOINT WARNING * * *
The gnoll sergeant blocks your attack.
The gnoll sergeant is almost dead.
The gnoll sergeant hits you with a +7 trident!
* * * LOW HITPOINT WARNING * * *
You slash the gnoll sergeant!
You kill the gnoll sergeant!
The gnoll throws a throwing net.
The throwing net barely misses you.
You see here a throwing net.
You feel better.
You hit the gnoll but do no damage. The gnoll hits you with a +0 flail.
* * * LOW HITPOINT WARNING * * *
You hit the gnoll.
The gnoll is moderately wounded.
The gnoll completely misses you.
You hit the gnoll. Your headbutt misses the gnoll.
The gnoll is moderately wounded.
The gnoll hits you with a +0 flail.
* * * LOW HITPOINT WARNING * * *
You feel better. The gnoll hits you but does no damage.
You hit the gnoll but do no damage. Your headbutt misses the gnoll.
The gnoll is moderately wounded.
The gnoll hits you with a +0 flail!
* * * LOW HITPOINT WARNING * * *
You hit the gnoll.
The gnoll is severely wounded.
The gnoll hits you with a +0 flail!
You die...

#.....##.#
#.....##)#
###.####)#
#.# #W#
#.## #.#
#..# #g#
##.###g#
#†.##g#
##.##@#
#.##(#
#..#.#
##.#.#
#...#
##..# #..#
#..# #..#


You could see a wraith and 3 gnolls.

Vanquished Creatures
  Sigmund (D:2)
  A phantom (D:4)
  A scorpion (D:4)
  A gnoll sergeant (D:5)
  A water moccasin skeleton (D:4)
  A hound (D:4)
  A centaur skeleton (D:4)
  Jessica (D:2)
  3 iguanas
  A hound skeleton (D:4)
  4 gnolls (D:5)
  8 adders
  2 ufetubi (D:4)
  3 worms (D:2)
  2 dart slugs
  4 orcs (D:4)
  10 ball pythons
  6 endoplasms
  3 giant cockroaches
  11 goblins
  8 hobgoblins
  2 jackals (D:1)
  3 quokkas
  5 bats
  2 frilled lizards
  A jackal skeleton (D:4)
  6 kobolds
  11 rats
103 creatures vanquished.

Notes
Turn   | Place    | Note
-------+----------+-------------------------------------------
     0 | D:1      | Eitelfritz the Minotaur Gladiator began the quest for the
                  | Orb.
     0 | D:1      | Reached XP level 1. HP: 18/18 MP: 0/0
    79 | D:1      | Reached skill level 4 in Long Blades
   146 | D:1      | Reached XP level 2. HP: 25/25 MP: 1/1
   414 | D:1      | Found Kira's Book Shoppe.
   720 | D:1      | Reached XP level 3. HP: 28/30 MP: 2/2
  1107 | D:2      | Noticed Jessica
  1110 | D:2      | Killed Jessica
  1165 | D:2      | Reached XP level 4. HP: 37/37 MP: 3/3
  1282 | D:2      | Noticed Sigmund
  1311 | D:3      | Found an iron altar of Okawaru.
  1320 | D:3      | Reached skill level 1 in Armour
  1326 | D:3      | Reached skill level 5 in Long Blades
  1674 | D:3      | Found a faded altar of an unknown god.
  2127 | D:4      | Found a white marble altar of Elyvilon.
  2153 | D:4      | Reached XP level 5. HP: 39/45 MP: 4/4
  2558 | D:4      | Found Qula's Antique Weapon Shop.
  2611 | D:4      | Reached skill level 6 in Long Blades
  2736 | D:4      | Reached XP level 6. HP: 51/51 MP: 5/5
  3099 | D:2      | Killed Sigmund
  3100 | D:2      | Reached skill level 7 in Long Blades
  3100 | D:2      | Reached XP level 7. HP: 48/58 MP: 6/6
  3230 | D:2      | Found Fuwibaw's Jewellery Shop.
  3315 | D:2      | Reached skill level 1 in Stealth
  4089 | D:5      | Entered Level 5 of the Dungeon
  4451 | D:5      | Noticed a wraith
  4460 | D:5      | HP: 1/59 [gnoll sergeant (11)]
  4474 | D:5      | Slain by a gnoll

Illustrated notes

Levels and vault maps discovered:
D:1:      mrwooster_arrival_statue_3, layout_loops_corners, serial_shops,
          shop_statue
D:2:      layout_loops_corners, serial_shops, shop,
          wander_ebering_terrifying_dragon_lair, uniq_sigmund, uniq_jessica
D:3:      layout_basic, okawaru_trees_2, hellmonk_ecumenical_altar_slurped_away
D:4:      layout_loops_corners, serial_shops, shop, minmay_ruined_shrine
D:5:      layout_basic, minivault_24, small_statue_intersection, uniq_ijyb

Skill      XL: |  1  2  3  4  5  6  7 |
---------------+----------------------+-----
Long Blades    | 4 5 6 7 |  7.9
Dodging        | 4 |  4.6
Armour         | 1 2 3 4 |  4.5
Fighting       | 3 4 |  4.2
Stealth        | 1 |  1.0
Throwing       | |  2.3

Action                   |  1- 3 |  4- 6 |  7- 9 || total
-------------------------+-------+-------+-------++-------
Melee: Long sword        |    59 |    83 |    80 ||   222
       Headbutt          |     9 |    20 |    12 ||    41
       Punch             |       |     1 |       ||     1
Throw: Throwing net      |       |     1 |       ||     1
  Use: Scroll            |       |    10 |     5 ||    15
       Potion            |       |       |     3 ||     3
Armor: Leather armour    |    15 |       |       ||    15
       Ring mail         |       |    28 |    25 ||    53
Dodge: Dodged            |    48 |    49 |    41 ||   138
